 Dungeon Crawl Stone Soup version 0.18-a0-1-gfac8111 (webtiles) character file.

4597 xeno23 the Carver (level 10, 0/77 HPs)
             Began as a Demonspawn Abyssal Knight on Oct 30, 2015.
             Was an Elder of Lugonu.
             Slain by a sheep (3 damage)
             ... on level 1 of the Lair of Beasts.
             The game lasted 01:09:11 (9801 turns).

xeno23 the Carver (Demonspawn Abyssal Knight)       Turns: 9801, Time: 01:09:12

Health: 0/77       AC:  9    Str: 14    XL:     10   Next: 19%
Magic:  12/16      EV: 15    Int: 13    God:    Lugonu [****..]
Gold:   103        SH:  0    Dex: 15    Spells: 0 memorised, 9 levels left

rFire  + . .     SeeInvis .     q - +1 dagger (drain)
rCold  . . .     Clarity  .     E - +1 robe {rF+}
rNeg   . . .     SustAt   .     (no shield)
rPois  .         Gourm    +     (helmet restricted)
rElec  .         Spirit   .     p - +0 cloak
rCorr  .         Warding  .     s - +1 pair of gloves
rMut   .         Stasis   .     F - +0 pair of boots
MR     .....                    j - amulet of the gourmand
Stlth  ++........               (no ring)
                                J - ring of flight

@: about to teleport, not resistant to hostile enchantments, unstealthy
A: antennae 1, hooves 1, slimy green scales 1, demonic guardian 1, powered by
death 2, regeneration 1, evolution 1
a: Depart the Abyss, Bend Space, Banish, Corrupt, Renounce Religion, Evoke
Flight


You were on level 1 of the Lair of Beasts.
You worshipped Lugonu.
Lugonu was greatly pleased with you.
You were completely stuffed.

You visited 3 branches of the dungeon, and saw 11 of its levels.
You visited the Abyss 1 time.

You collected 320 gold pieces.
You spent 217 gold pieces at shops.

Inventory:

Hand Weapons
 a - a +1 falchion
 q - a +1 dagger of draining (weapon)
 y - a +0 hunting sling
 O - a +2 dagger of speed
Missiles
 D - 43 sling bullets
 G - 40 poisoned needles
Armour
 p - a +0 cloak (worn)
 s - a +1 pair of gloves (worn)
 E - a +1 robe of fire resistance (worn)
 F - a +0 pair of boots (worn)
Jewellery
 j - an amulet of the gourmand (around neck)
 u - an uncursed ring of ice
 A - an uncursed amulet of rage
 J - a ring of flight (left hand)
Wands
 R - a wand of cold (4)
 S - a wand of paralysis (4)
Scrolls
 d - 2 scrolls of blinking {unknown}
 f - a scroll of enchant weapon {unknown}
 h - a scroll of immolation
 i - a scroll of identify
 k - 5 scrolls of teleportation
 l - a scroll of magic mapping {unknown}
 t - 8 scrolls of remove curse
 v - a scroll of fog {unknown}
 w - a scroll of recharging
 x - a scroll of enchant armour {unknown}
 B - 2 scrolls of fear {unknown}
 N - a scroll of amnesia {unknown}
Potions
 e - 3 potions of cancellation
 n - 2 potions of agility
 o - a potion of mutation
 C - 2 potions of brilliance
 H - a potion of flight
 I - a potion of curing {unknown}
 K - 2 potions of cure mutation
 L - a potion of invisibility {unknown}
 Q - a potion of resistance {unknown}
Books
 r - a book of Air

   Spells                             Type                      Level
   a - Shock                          Conjuration/Air              1
   b - Swiftness                      Charms/Air                   2
   c - Repel Missiles                 Charms/Air                   2
   d - Static Discharge               Conjuration/Air              3
   e - Lightning Bolt                 Conjuration/Air              5
Comestibles
 c - 8 bread rations
 g - 7 fruits
 m - 5 meat rations
 z - 8 beef jerkies
 T - 5 chunks of flesh


   Skills:
 + Level 6.6 Fighting
 + Level 9.8 Long Blades
 - Level 2.0 Armour
 + Level 5.4 Dodging
 + Level 8.9 Invocations


You had 9 spell levels left.
You didn't know any spells.

Dungeon Overview and Level Annotations

Branches:
Dungeon (9/15)             Temple (1/1) D:6            Lair (1/8) D:9
    Orc: D:9-12

Altars:
Ashenzari
Cheibriados
Dithmenos
Elyvilon
Fedhas
Gozag
Kikubaaqudgha
Makhleb
Nemelex Xobeh
Okawaru
Qazlal
Ru
Sif Muna
Trog
Vehumet
Xom
Yredelemnul
Zin
The Shining One

Shops:
D:5 *   D:9 *

Annotations:
D:2 Terence
D:7 corrupted
D:9 Grum


Innate Abilities, Weirdness & Mutations

You have a pair of small antennae on your head.
You are partially covered in slimy green scales (AC +2).
A weak demonic guardian rushes to your aid.
You regenerate health from kills.
You have large cloven feet.
Your natural rate of healing is unusually fast.
You evolve.


Message History

Read which item? (? for menu, Esc to quit)
As you read the scroll of teleportation, it crumbles to dust.
You feel strangely unstable. The sheep barely misses you.
The komodo dragon bites you!!
* * * LOW HITPOINT WARNING * * *
You take 23 damage.
Drink which item? (? for menu, Esc to quit)
Okay, then.
Press: ? - help, Shift-Dir - straight line, f - komodo dragon
Aim: a komodo dragon (lightly wounded, chance to defeat MR: 71%)
The komodo dragon is devoured by a tear in reality.
Lugonu claims a new guest.
You feel somewhat less full. The sheep bites you but does no damage.
Your iron imp hits the sheep.
You barely miss the sheep.
The sheep is heavily wounded.
The sheep bites you but does no damage. The sheep completely misses you.
Your iron imp hits the sheep but does no damage.
The sheep bites you.
You die...

.... ##........
.#...##.........
#.............#
#..........#.#
##..........†.#
##.##..##....#
#...%..##.§5.#
#..........YY#
#..%......5Y@#
#...P..%..##P#
#..%%.....#####
#..............
#........#####
###......#.#
#/P##...#
##.###...#
...##....#


You could see 3 sheep and 2 friendly iron imps.

Vanquished Creatures
  A komodo dragon (Lair:1)
  A two-headed ogre (D:8)
  2 hippogriffs (D:9)
  A wolf (Lair:1)
  5 orc warriors
  An ice beast (D:8)
  3 ogres
  A crocodile (D:9)
  3 giant frogs
  3 scorpions
  A jelly (D:9)
  2 crimson imps
  16 orc wizards
  4 hounds
  2 iguanas
  A centaur skeleton (D:7)
  A centaur zombie (D:7)
  5 worker ants
  A sheep (D:9)
  2 hound zombies
  7 adders
  9 gnolls
  3 shadow imps
  An ooze (D:1)
  An adder skeleton (D:4)
  3 worms
  11 giant geckos
  21 orcs
  10 giant cockroaches
  11 hobgoblins
  5 jackals
  5 kobolds
  5 quokkas
  4 ball pythons (D:4)
  5 bats
  8 giant newts
  8 goblins
  A quokka zombie (D:8)
  13 rats
187 creatures vanquished.

Vanquished Creatures (collateral kills)
  An elephant (D:9)
  A two-headed ogre (D:8)
  A yak (D:9)
  A sky beast (D:4)
  A phantom (D:8)
  2 ogres (D:7)
  A centaur (D:6)
  2 sheep (Lair:1)
  A gnoll (D:6)
  4 orcs
  A quokka skeleton (D:7)
16 creatures vanquished.

Vanquished Creatures (others)
  The ghost of DEFE the Shield-Bearer, a novice DgFi (D:8)
  The ghost of Rayvis the Skirmisher, a novice DsFi of Makhleb (D:6)
  A komodo dragon (Lair:1)
  A wasp (D:7)
  An orc warrior (D:6)
  A sky beast (D:7)
  An ogre (D:7)
  4 killer bees (D:7)
  An orc wizard (D:6)
  A giant gecko (D:7)
  An orc (D:7)
14 creatures vanquished.

Grand Total: 217 creatures vanquished

Notes
Turn   | Place    | Note
--------------------------------------------------------------
     0 | Abyss:1  | xeno23 the Demonspawn Abyssal Knight began the quest for the Orb.
     0 | Abyss:1  | Reached XP level 1. HP: 18/18 MP: 2/2
    14 | Abyss:1  | Found a shadowy altar of Dithmenos.
    37 | Abyss:1  | Noticed a large abomination
    40 | Abyss:1  | Noticed a worldbinder
    43 | Abyss:1  | Noticed a manticore
    50 | Abyss:1  | Noticed a siren
    51 | Abyss:1  | Noticed a merfolk
    51 | D:1      | Escaped the Abyss
   230 | D:1      | Gained mutation: You have a pair of small antennae on your head. [demonic ancestry]
   230 | D:1      | Reached XP level 2. HP: 17/24 MP: 4/4
   854 | D:2      | Found a basalt altar of Yredelemnul.
  1265 | D:2      | Reached XP level 3. HP: 12/29 MP: 5/5
  1351 | D:2      | Noticed Terence
  1452 | D:2      | Reached ** piety under Lugonu
  1592 | D:2      | Found a shattered altar of Ashenzari.
  2184 | D:2      | Gained mutation: You regenerate a little health from kills. [demonic ancestry]
  2184 | D:2      | Reached XP level 4. HP: 27/35 MP: 6/6
  2286 | D:3      | Reached skill level 4 in Long Blades
  2342 | D:3      | Gained mutation: You are partially covered in slimy green scales (AC +2). [demonic ancestry]
  2342 | D:3      | Reached XP level 5. HP: 41/41 MP: 7/7
  2448 | D:3      | Found a glowing silver altar of Zin.
  2531 | D:3      | Reached *** piety under Lugonu
  2610 | D:3      | Reached skill level 5 in Long Blades
  2701 | D:3      | Found a sacrificial altar of Ru.
  2702 | D:3      | Found a shimmering altar of Xom.
  3302 | D:4      | Gained mutation: A weak demonic guardian rushes to your aid. [demonic ancestry]
  3302 | D:4      | Reached XP level 6. HP: 21/47 MP: 8/8
  3389 | D:4      | Found a sparkling altar of Nemelex Xobeh.
  3458 | D:4      | Noticed a sky beast
  3475 | D:4      | Killed a sky beast
  3524 | D:4      | Noticed an ogre
  3532 | D:4      | Killed an ogre
  3532 | D:4      | Reached skill level 6 in Long Blades
  3652 | D:4      | Found a shadowy altar of Dithmenos.
  3971 | D:5      | Entered Level 5 of the Dungeon
  4024 | D:5      | Reached XP level 7. HP: 48/52 MP: 10/10
  4068 | D:5      | Found a bloodstained altar of Trog.
  4103 | D:5      | Reached **** piety under Lugonu
  4307 | D:5      | Found Ustruedet's Assorted Antiques.
  4403 | D:5      | Found a burning altar of Makhleb.
  4877 | D:6      | Noticed Rayvis's ghost (novice DsFi)
  4983 | D:6      | Reached skill level 7 in Long Blades
  5004 | D:6      | HP: 1/52 [centaur (8)]
  5233 | D:6      | Found a staircase to the Ecumenical Temple.
  5250 | Temple   | Entered the Ecumenical Temple
  5831 | D:7      | Reached skill level 8 in Long Blades
  5858 | D:7      | Reached skill level 1 in Dodging
  5866 | D:7      | Reached XP level 8. HP: 34/58 MP: 11/11
  5869 | D:7      | Reached skill level 5 in Invocations
  5884 | D:7      | Corrupted D:7
  5884 | D:7      | Noticed a thrashing horror
  5884 | D:7      | Noticed a starcursed mass
  5884 | D:7      | Noticed a thrashing horror
  5884 | D:7      | Noticed a tentacled starspawn
  5884 | D:7      | Noticed a giant orange brain
  5885 | D:7      | Noticed a raiju
  5885 | D:7      | Noticed a starcursed mass
  5885 | D:7      | Noticed an efreet
  5886 | D:7      | Noticed a black draconian zealot
  5890 | D:7      | Noticed a tentacled starspawn
  5902 | D:7      | Killed an unseen horror
  6621 | D:7      | HP: 2/58 [sky beast (5)]
  7168 | D:8      | Gained mutation: You have large cloven feet. [potion of mutation]
  7168 | D:8      | Gained mutation: Your natural rate of healing is unusually fast. [potion of mutation]
  7168 | D:8      | Gained mutation: You evolve. [potion of mutation]
  7193 | D:8      | Noticed DEFE's ghost (novice DgFi)
  7194 | D:8      | Noticed a two-headed ogre
  7201 | D:8      | Banished DEFE's ghost
  7220 | D:8      | Killed a two-headed ogre
  7528 | D:6      | Banished Rayvis's ghost
  7528 | D:6      | Gained mutation: You regenerate health from kills. [demonic ancestry]
  7528 | D:6      | Reached XP level 9. HP: 35/66 MP: 14/14
  7792 | D:6      | Reached skill level 5 in Fighting
  7943 | D:6      | Reached skill level 9 in Long Blades
  8162 | D:5      | Bought a slimy rapier for 198 gold pieces
  8162 | D:5      | Bought a purple potion for 19 gold pieces
  8164 | D:5      | Identified the cursed +0 rapier "Xufar" {freeze, +Blink rF- Int+7} (You bought it in a shop on level 5 of the Dungeon)
  8505 | D:8      | Paralysed by an orc warrior for 7 turns
  8539 | D:8      | Paralysed by an orc warrior for 5 turns
  8594 | D:8      | Found an iron altar of Okawaru.
  8702 | D:8      | Noticed a two-headed ogre
  8725 | D:8      | Killed a two-headed ogre
  9255 | D:9      | Found a staircase to the Lair.
  9256 | D:9      | Noticed an elephant
  9333 | D:9      | Killed an elephant
  9333 | D:9      | Reached skill level 5 in Dodging
  9343 | D:9      | Reached XP level 10. HP: 76/76 MP: 16/16
  9621 | D:9      | Found Juxerodue's General Store.
  9646 | D:9      | Noticed Grum
  9662 | Lair:1   | Entered Level 1 of the Lair of Beasts
  9799 | Lair:1   | HP: 1/77 [komodo dragon (26)]
  9801 | Lair:1   | Slain by a sheep

Vault maps used:
D:1:      nicolae_arrival_washed_ashore
D:2:      marbit_many_paths, lemuel_crystal_altar, minmay_misc_feat_ornament,
          uniq_terence
D:3:      lemuel_round_altar, gammafunk_temple_overflow_pools,
          minmay_misc_feat_iff, minmay_bad_closet
D:4:      old_standard_altar, lemuel_doored_altar, portal_sewer_entry_e,
          first_bread
D:5:      serial_shops, nicolae_shop_overgrown_old_shop, basic_altar,
          corexii_shack, trog_hazing_becter
D:6:      minmay_temple_entry_large_hall, hex_intersection
D:7:      grunt_ogre_cave
D:8:      kennysheep_okawaru_gauntlet
D:9:      minmay_flawed_box, david_lair_generic, minmay_orc_entry_guard_dogs,
          serial_shops, kennysheep_mini_moat, uniq_psyche, uniq_grum
Temple:   zaba_magenta_temple_12
Lair:1:   lemuel_fruit_tree, bh_autumn_forest_stairs, lemuel_fruit_fields

Action                   |  1- 3 |  4- 6 |  7- 9 | 10-12 || total
-------------------------+-------+-------+-------+-------++-------
Melee: Falchion          |    89 |       |   201 |       ||   290
       Dagger            |    49 |   306 |   437 |   103 ||   895
 Fire: Hunting sling     |       |       |     1 |       ||     1
Invok: Banish            |       |       |     6 |     1 ||     7
       Corrupt           |       |       |     1 |       ||     1
 Abil: Evoke Blink       |       |       |     1 |       ||     1
  Use: Scroll            |       |     3 |    12 |     2 ||    17
       Potion            |       |       |     2 |       ||     2
 Stab: Sleeping          |     1 |       |     1 |       ||     2
       Distracted        |       |       |     7 |     1 ||     8
  Eat: Chunk             |     7 |    12 |    21 |     2 ||    42
